 Dungeon Crawl Stone Soup version 0.17.0-24-gcfadda4 (webtiles) character file.

7363 M4edhros the Covert (level 11, -1/67 HPs)
             Began as an Octopode Chaos Knight on Nov 15, 2015.
             Was a Priest of Fedhas.
             Slain by a white ugly thing (18 damage)
             ... on level 11 of the Dungeon.
             The game lasted 00:24:04 (9577 turns).

M4edhros the Covert (Octopode Chaos Knight)         Turns: 9577, Time: 00:24:04

Health: -1/67      AC:  8    Str: 10    XL:     11   Next: 14%
Magic:  14/14      EV: 17    Int: 15    God:    Fedhas [***...]
Gold:   449        SH:  5    Dex: 18    Spells: 0 memorised, 10 levels left

rFire  + + .     SeeInvis .     I - +1 spear (flame)
rCold  x . .     Clarity  +     m - +0 buckler
rNeg   . . .     SustAt   .     i - +1 hat
rPois  +         Gourm    .     (no amulet)
rElec  +         Spirit   .     d - ring of protection from fire
rCorr  .         Warding  .     n - ring of poison resistance
rMut   .         Stasis   .     v - ring of fire
MR     +....                    c - ring of wizardry
Stlth  ++++++++..               M - ring "Miukleir" {+Blink rElec Dex+4}
                                S - ring of protection from magic
                                (no ring)
                                (no ring)

@: somewhat resistant to hostile enchantments, extraordinarily stealthy
A: almost no armour, amphibious, 8 rings, constrict 8, iridescent scales 1,
yellow scales 1, camouflage 1, clarity, screaming 1, weak 1, gelatinous body 1,
no device heal 1
a: Evolution, Sunlight, Growth, Renounce Religion, Evoke Blink


You were on level 11 of the Dungeon.
You worshipped Fedhas.
Fedhas was most pleased with you.
You were near starving.

You visited 2 branches of the dungeon, and saw 12 of its levels.

You collected 745 gold pieces.
You spent 296 gold pieces at shops.

Inventory:

Hand Weapons
 a - a +0 spear of chaos
 I - a +1 spear of flaming (weapon)
 R - a +0 blowgun
Missiles
 h - 6 javelins (quivered)
 P - 7 curare-tipped needles
 Q - 20 poisoned needles
Armour
 i - a +1 hat (worn)
 m - a +0 buckler (worn)
Jewellery
 c - a ring of wizardry (on tentacle)
 d - a ring of protection from fire (left tentacle)
 j - a cursed ring of teleportation
 n - a ring of poison resistance (right tentacle)
 v - a ring of fire (on tentacle)
 M - the ring "Miukleir" (on tentacle) {+Blink rElec Dex+4}
   (You found it on level 10 of the Dungeon)

   [ring of dexterity]

   It affects your dexterity (+4).
   It insulates you from electricity.
   It lets you blink.
 S - a ring of protection from magic (on tentacle)
Wands
 q - a wand of random effects (39)
 s - a wand of confusion (21)
 y - a wand of cold (4)
 F - a wand of fireball (7)
 J - a wand of lightning (4)
 L - a wand of fireball (11)
Scrolls
 e - 3 scrolls of remove curse
 g - 7 scrolls of teleportation
 k - 4 scrolls of recharging
 l - a scroll of identify
 o - a scroll of blinking
 p - 5 scrolls of magic mapping
 x - a scroll of immolation
 B - a scroll of brand weapon {unknown}
 H - 2 scrolls of amnesia
 K - a scroll of noise {unknown}
Potions
 f - 3 potions of brilliance
 t - 5 potions of haste
 z - 2 potions of lignification
 A - 2 potions of magic {unknown}
 C - a potion of cure mutation {unknown}
 G - a potion of might {unknown}
 O - a potion of agility {unknown}
Books
 r - a book of Changes

   Spells                             Type                      Level
   a - Beastly Appendage              Transmutation                1
   b - Sticks to Snakes               Transmutation                2
   c - Spider Form                    Transmutation/Poison         3
   d - Ice Form                       Ice/Transmutation            4
   e - Blade Hands                    Transmutation                5
Miscellaneous
 E - a lantern of shadows
Comestibles
 b - 5 bread rations
 u - 10 royal jellies
 w - a fruit
 D - 2 slices of pizza
 N - a beef jerky


   Skills:
 - Level 3.0 Fighting
 * Level 10.2 Polearms
 + Level 6.5 Dodging
 * Level 13.7 Stealth
 + Level 3.1 Shields
 + Level 5.0 Invocations
 + Level 4.1 Evocations


You had 10 spell levels left.
You didn't know any spells.

Dungeon Overview and Level Annotations

Branches:
Dungeon (11/15)            Temple (1/1) D:4            Lair (0/8) D:9
    Orc (0/4) D:10

Altars:
Ashenzari
Cheibriados
Dithmenos
Elyvilon
Fedhas
Gozag
Kikubaaqudgha
Makhleb
Nemelex Xobeh
Okawaru
Sif Muna
Trog
Vehumet
Yredelemnul
Zin

Shops:
D:6 *   D:9 [!*(}

Annotations:
D:4 exclusion: 2 doors
D:8 Erolcha; WereVolvo's ghost, novice DDVM


Innate Abilities, Weirdness & Mutations

You cannot wear most types of armour.
You are amphibious.
You can wear up to eight rings at the same time.
You can use your tentacles to constrict eight enemies at once.
Your skin changes colour to match your surroundings (Stealth).
Your rubbery body absorbs attacks (AC +1).
You are partially covered in iridescent scales (AC +4).
You are partially covered in yellow scales (AC +2).
You possess an exceptional clarity of mind.
You occasionally shout uncontrollably at your foes.
You are weak. (Str -2)
Potions and wands are less effective at restoring your health.


Message History

You hit the white ugly thing. You burn the white ugly thing.
The white ugly thing is moderately wounded.
You constrict the white ugly thing.
Your wandering mushroom releases spores at the white ugly thing but does no damage.
The white ugly thing pecks you! The white ugly thing freezes you!!
You feel a terrible chill!
You hit the white ugly thing but do no damage.
The white ugly thing is moderately wounded.
You constrict the white ugly thing.
Unknown command.
You hit the white ugly thing. You burn the white ugly thing.
The white ugly thing is moderately wounded.
You constrict the white ugly thing.
Your wandering mushroom releases spores at the white ugly thing but does no damage.
The white ugly thing pecks you!
* * * LOW HITPOINT WARNING * * *
The white ugly thing freezes you!!
You feel a terrible chill!
You die...
Xom is highly amused!
Fedhas appreciates your contribution to the ecosystem.

####### ##.....# ###
#...##.# #.. ####
#...##.# #.# ..#
#...##.####.# #.#
##..........(
###.#####.########..
#..@f.....# #..
#.##.#u####### #.#
#.......# #.#
###.....# #######
#.# #.....# #...>.#
#.# #.....# #.....#
#.. #.....# #.....#
### ###.######.....#
#. ..#.....#


You could see a white ugly thing and a friendly wandering mushroom.

Vanquished Creatures
  Pikel (D:7)
  The ghost of inmateoo the Poker, an amateur MfWn (D:3)
  Prince Ribbit (D:8)
  2 deep elf magi
  6 yaks
  2 hippogriffs
  A warg (D:9)
  An ice beast (D:8)
  An orc warrior (D:10)
  A black bear (D:6)
  2 centaurs
  A sky beast (D:7)
  4 ogres
  2 big kobolds
  4 giant frogs
  10 killer bees (D:10)
  A scorpion (D:6)
  A centaur zombie (D:9)
  2 jellies
  A quasit (D:7)
  6 giant frog skeletons
  2 crimson imps
  5 orc priests
  4 hounds
  2 iguanas
  8 orc wizards
  2 centaur skeletons (D:4)
  5 worker ants (D:4)
  2 hound skeletons
  13 adders
  3 gnolls (D:6)
  3 oozes
  4 worms
  2 adder skeletons
  32 orcs
  A goblin (shapeshifter) (D:8)
  7 hobgoblins
  16 kobolds
  A quokka (D:7)
  A ball python (D:1)
  8 bats
  6 giant cockroaches
  9 giant geckos
  A giant gecko skeleton (D:3)
  8 giant newts
  8 goblins
  A jackal (D:3)
  A quokka skeleton (D:9)
  5 rats
211 creatures vanquished.

Vanquished Creatures (collateral kills)
  A queen bee (D:10)
  A wandering mushroom (D:9)
  2 trolls (D:10)
  A hippogriff (D:10)
  8 yaks
  2 wargs (D:9)
  A water moccasin (D:10)
  3 slaves (D:7)
  3 orc warriors
  A crocodile (D:9)
  13 killer bees
  A quasit (D:10)
  An iguana (shapeshifter) (D:7)
  An orc (D:10)
  A toadstool (D:10)
40 creatures vanquished.

Vanquished Creatures (others)
  A necrophage (D:6)
  An ogre (D:10)
  A killer bee (D:10)
  An orc (D:3)
  7 wandering mushrooms
  139 toadstools
150 creatures vanquished.

Grand Total: 401 creatures vanquished

Notes
Turn   | Place    | Note
--------------------------------------------------------------
     0 | D:1      | M4edhros the Octopode Chaos Knight began the quest for the Orb.
     0 | D:1      | Reached XP level 1. HP: 16/16 MP: 1/1
    38 | D:1      | Reached skill level 1 in Stealth
    61 | D:1      | Reached XP level 2. HP: 21/21 MP: 2/2
   207 | D:1      | Reached XP level 3. HP: 19/26 MP: 3/3
   519 | D:2      | Reached skill level 4 in Stealth
   570 | D:2      | Reached XP level 4. HP: 31/31 MP: 4/4
   726 | D:2      | XOM: harmless Divn miscast
   741 | D:2      | XOM: give mutations
   741 | D:2      | Gained mutation: You are partially covered in iridescent scales (AC +4). [Xom's grace]
   741 | D:2      | Gained mutation: You are partially covered in yellow scales (AC +2). [Xom's grace]
   741 | D:2      | Gained mutation: Your spells are a little harder to cast, but a little more powerful. [Xom's grace]
   741 | D:2      | Gained mutation: Your flesh is cold resistant. [Xom's grace]
   851 | D:2      | Reached skill level 5 in Stealth
   883 | D:2      | Reached XP level 5. HP: 36/36 MP: 5/5
   951 | D:2      | Found a bloodstained altar of Trog.
  1249 | D:3      | Found a faded altar to an unknown god.
  1322 | D:3      | Found a glowing silver altar of Zin.
  1471 | D:3      | Noticed inmateoo's ghost (amateur MfWn)
  1491 | D:3      | XOM: potion effect (invisibility)
  1515 | D:3      | XOM: silly message
  1520 | D:3      | XOM: cast spell 'Cause Fear'
  1530 | D:3      | Killed inmateoo's ghost
  1530 | D:3      | Reached skill level 6 in Stealth
  1530 | D:3      | Reached XP level 6. HP: 37/42 MP: 6/6
  1547 | D:3      | XOM: silly message
  1658 | D:3      | Reached skill level 7 in Stealth
  1709 | D:3      | You fall through a shaft for 3 floors!
  1715 | D:5      | Entered Level 5 of the Dungeon
  1884 | D:4      | Reached skill level 5 in Polearms
  1908 | D:4      | Reached XP level 7. HP: 46/46 MP: 7/7
  1981 | D:4      | Found a staircase to the Ecumenical Temple.
  2042 | D:4      | Found a snail-covered altar of Cheibriados.
  2201 | D:4      | XOM: divination: detect creatures
  2236 | D:4      | Reached skill level 8 in Stealth
  2261 | D:4      | XOM: polymorph worker ant -> swamp drake
  2262 | D:4      | XOM: chaos cloud
  2265 | D:4      | Paralysed by you for 3 turns
  2268 | D:4      | XOM: smoke on damage
  2419 | Temple   | Entered the Ecumenical Temple
  2566 | Temple   | Fell from the grace of Xom
  2566 | Temple   | Became a worshipper of Fedhas Madash
  2764 | D:3      | Found a shattered altar of Ashenzari.
  3100 | D:5      | Gained mutation: Potions and wands are less effective at restoring your health. [potion of mutation]
  3100 | D:5      | Gained mutation: You possess an exceptional clarity of mind. [potion of mutation]
  3258 | D:5      | HP: 1/46 [centaur (9)]
  3259 | D:5      | Reached XP level 8. HP: 18/52 MP: 8/8
  3977 | D:5      | Reached skill level 9 in Stealth
  4126 | D:6      | Found a blossoming altar of Fedhas.
  4130 | D:6      | XOM: torment (27/52 hp)
  4401 | D:6      | Reached * piety under Fedhas
  4646 | D:6      | Found Wesk's Assorted Antiques.
  4671 | D:6      | Bought a tubular sapphire ring for 140 gold pieces
  5012 | D:6      | XOM: noise
  5244 | D:7      | Reached skill level 1 in Invocations
  5344 | D:7      | Reached skill level 10 in Stealth
  5417 | D:7      | Reached XP level 9. HP: 54/56 MP: 10/10
  5643 | D:7      | Noticed Pikel
  5673 | D:7      | Killed Pikel
  5673 | D:7      | Reached skill level 5 in Dodging
  5857 | D:7      | XOM: medium Fire miscast
  6004 | D:7      | XOM: medium Hex miscast
  6027 | D:7      | Noticed a deep elf mage
  6039 | D:7      | Killed a deep elf mage
  6039 | D:7      | Reached skill level 11 in Stealth
  6258 | D:8      | XOM: mild Necr miscast
  6342 | D:8      | Noticed WereVolvo's ghost (novice DDVM)
  6350 | D:8      | Noticed Prince Ribbit
  6414 | D:8      | Killed Prince Ribbit
  6502 | D:8      | Found a deep blue altar of Sif Muna.
  6504 | D:8      | XOM: give mutations
  6504 | D:8      | Lost mutation: Your flesh is cold resistant. [Xom's mischief]
  6504 | D:8      | Gained mutation: You are weak. (Str -2) [Xom's mischief]
  6504 | D:8      | Gained mutation: You occasionally shout uncontrollably at your foes. [Xom's mischief]
  6570 | D:8      | Noticed Erolcha
  6840 | D:9      | Found an ancient bone altar of Kikubaaqudgha.
  6842 | D:9      | Found a white marble altar of Elyvilon.
  6865 | D:9      | Found Vonasycs's Distillery.
  6870 | D:9      | Bought a potion of mutation for 30 gold pieces
  6870 | D:9      | Bought a potion of curing for 36 gold pieces
  6870 | D:9      | Bought a potion of poison for 12 gold pieces
  6898 | D:9      | Reached ** piety under Fedhas
  6966 | D:9      | Found Ytium's Armour Emporium.
  6982 | D:9      | Reached skill level 1 in Evocations
  6998 | D:9      | Reached skill level 12 in Stealth
  7014 | D:9      | Reached XP level 10. HP: 22/63 MP: 12/12
  7032 | D:9      | HP: 3/63 [warg (15)]
  7253 | D:9      | Found a staircase to the Lair.
  7278 | D:9      | Found Pilaff's Antique Weapon Boutique.
  7296 | D:9      | Bought a runed spear for 78 gold pieces
  7333 | D:9      | XOM: mild Trmt miscast
  7353 | D:9      | Found Karoizio's Gadget Boutique.
  7618 | D:9      | Found Moshuded's Assorted Antiques.
  7817 | D:10     | Entered Level 10 of the Dungeon
  7848 | D:10     | Reached skill level 1 in Shields
  8040 | D:10     | Found a staircase to the Orcish Mines.
  8063 | D:10     | HP: 1/63 [orc warrior/battleaxe (16)]
  8298 | D:10     | XOM: 1-stop teleportation journey
  8329 | D:10     | Reached skill level 13 in Stealth
  8370 | D:10     | XOM: medium Fire miscast
  8372 | D:10     | Lost mutation: Your spells are a little harder to cast, but a little more powerful. [potion of mutation]
  8412 | D:10     | Got a scintillating tin ring
  8413 | D:10     | Identified the ring "Miukleir" {+Blink rElec Dex+4} (You found it on level 10 of the Dungeon)
  8561 | D:10     | Gained mutation: You evolve. [potion of mutation]
  8561 | D:10     | Lost mutation: You evolve. [potion of mutation]
  8641 | D:10     | XOM: mild Conj miscast
  8802 | D:10     | Reached XP level 11. HP: 22/67 MP: 14/14
  8945 | D:10     | Reached skill level 10 in Polearms
  8955 | D:10     | Reached skill level 5 in Invocations
  9148 | D:10     | Reached *** piety under Fedhas
  9431 | D:10     | XOM: medium Chrm miscast
  9577 | D:11     | Slain by a white ugly thing

Action                   |  1- 3 |  4- 6 |  7- 9 | 10-12 || total
-------------------------+-------+-------+-------+-------++-------
Melee: Spear             |    62 |   136 |   364 |   323 ||   885
Invok: Evolution         |       |       |     3 |     6 ||     9
Evoke: Wand              |       |       |       |     3 ||     3
  Use: Scroll            |     3 |     4 |     7 |     2 ||    16
       Potion            |       |     1 |     6 |    10 ||    17
 Stab: Sleeping          |    10 |    22 |    31 |    10 ||    73
       Paralysed         |     1 |     6 |     9 |       ||    16
       Invisible         |       |     2 |       |     8 ||    10
       Petrifying        |       |     1 |     4 |       ||     5
       Confused          |       |       |     4 |    13 ||    17
       Petrified         |       |       |     1 |       ||     1
       Distracted        |       |       |     1 |     1 ||     2
  Eat: Chunk             |       |     3 |     4 |       ||     7
       Meat ration       |       |       |     3 |     1 ||     4
